 Dungeon Crawl Stone Soup version 0.30-a0-782-ge64f9170bb (webtiles) character file.

Game seed: 10961905715207733817

60 tsouns the Slasher (level 4, -4/40 HPs)
             Began as a Hill Orc Wanderer on Mar 16, 2023.
             Slain by Robin
             ... wielding a +6 short sword of venom
              (5 damage)
             ... on level 2 of the Dungeon.
             The game lasted 00:02:47 (1337 turns).

tsouns the Slasher (Hill Orc Wanderer)              Turns: 1337, Time: 00:02:48

Health: -4/40      AC:  7    Str: 15 (17) XL:     4   Next: 6%
Magic:  5/5        EV: 11    Int: 10 (11) God:
Gold:   31         SH:  0    Dex:  7 (10) Spells: 4/5 levels left

rFire   . . .      SeeInvis +    a - +3 falchion
rCold   . . .      Faith    .    (no shield)
rNeg    . . .      Spirit   .    c - +0 leather armour
rPois   .          Reflect  .    k - +2 helmet
rElec   .          Harm     .    i - +0 cloak
rCorr   .          Rampage  .    (no gloves)
Will    .....                    (no boots)
Stlth   +                        (no amulet)
HPRegen 0.26/turn                d - ring of see invisible
MPRegen 0.09/turn                (no ring)

@: lethally poisoned (-4 -> -13)
A: no striking features
a: no special abilities


You were on level 2 of the Dungeon.
You visited 1 branch of the dungeon, and saw 2 of its levels.

You collected 31 gold pieces.

Inventory:

Hand Weapons
 a - a +3 falchion (weapon)
 f - a +0 long sword
Armour
 c - a +0 leather armour (worn)
 i - a +0 cloak (worn)
 k - a +2 helmet (worn)
Jewellery
 d - a ring of see invisible (left hand)
 j - a ring of willpower
Scrolls
 h - a scroll of immolation
Potions
 b - a potion of degeneration


   Skills:
 + Level 4.0 Fighting
 + Level 5.2 Long Blades
 - Level 1.0 Spellcasting
 - Level 3.0 Necromancy


You had 4 spell levels left.
You knew the following spells:

 Your Spells              Type           Power      Damage    Failure   Level
a - Necrotise             Necr           24%        1d5       12%         1

Your spell library contained the following spells:

 Spells                   Type           Power      Damage    Failure   Level
 Vampiric Draining        Necr           6%         2d6       36%         3


Dungeon Overview and Level Annotations

Branches:
Dungeon (2/15)

Altars:

Annotations:
D:2 Robin


Message History

You hit Robin but do no damage.
Robin hits you with a +6 short sword of venom!
You are poisoned.
You hit Robin.
Robin is lightly wounded.
You feel very sick.
Robin hits you with a +6 short sword of venom.
You are more poisoned.
You barely miss Robin.
Robin is lightly wounded.
You feel very sick.
Robin hits you with a +6 short sword of venom.
You are too injured to fight recklessly!
You are too injured to fight recklessly!
You are too injured to fight recklessly!
You are too injured to fight recklessly!
You are too injured to fight recklessly!
You are too injured to fight recklessly!
You are too injured to fight recklessly!
You are too injured to fight recklessly!
You are too injured to fight recklessly!
You are too injured to fight recklessly!
It was a potion of degeneration.
There was something very wrong with that liquid.
You feel weakened.
You feel dopey.
You feel clumsy.
You feel very sick. Robin barely misses you.
You feel very sick.
Robin hits you with a +6 short sword of venom.
* * * LOW HITPOINT WARNING * * *
You are more poisoned.
Okay, then.
Unknown command.
* * * LOW HITPOINT WARNING * * *
You feel very sick.
You hit Robin.
Robin is moderately wounded.
* * * LOW HITPOINT WARNING * * *
You feel very sick.
Robin hits you with a +6 short sword of venom.
You die...

#.# ###...............##
#.#######........##........#
####.......#........##........#
...#.......#........##..g.....###
...#.>..........###.......#......
...#....###.....# #..g....#†.....
...#.....##...).# #.......#......
...#..#..#####)####.......#......
.....÷#........g@..........gg..gg
...##.#.######=####.......##.####
#.#)....#,,,*#.............#)# #
#.#..)..#,,,*############.##.# #
#.#.....#,,,,,,,,,,,,* *,##g# #
#.#.....#,,,,,,,,***,* *,*#g#**#
...##.......,,,,,,<*,****,*#g.,,.
...........#,,,,,***,,,,,,,...,##
....#......#,,,,,,,,,,,,,,,....,.


You could see Robin.

Vanquished Creatures
  A worm (D:2)
  4 endoplasms (D:1)
  2 giant cockroaches
  16 goblins
  8 hobgoblins
  3 jackals (D:2)
  A quokka (D:2)
  4 ball pythons
  A bat (D:1)
  A frilled lizard (D:1)
  5 kobolds
  3 rats
49 creatures vanquished.

Notes
Turn   | Place    | Note
-------+----------+-------------------------------------------
     0 | D:1      | tsouns the Hill Orc Wanderer began the quest for the Orb.
     0 | D:1      | tsouns set off with the following items: a +3 falchion, a
                  | scroll of teleportation, a +0 leather armour; and the
                  | following spell memorised: Necrotise; and the following
                  | spells available to memorise: Vampiric Draining.
     0 | D:1      | Reached XP level 1. HP: 18/18 MP: 2/2
   226 | D:1      | Reached XP level 2. HP: 23/25 MP: 3/3
   891 | D:2      | Reached XP level 3. HP: 26/31 MP: 4/4
   914 | D:2      | Reached skill level 5 in Long Blades
  1005 | D:2      | Noticed Robin
  1326 | D:2      | Reached XP level 4. HP: 40/40 MP: 5/5
  1337 | D:2      | HP: 1/40 [poisoned by Robin]
  1337 | D:2      | Slain by Robin

Illustrated notes

Levels and vault maps discovered:
D:1:      doesnt_arrival_eight_statues, layout_basic
D:2:      wander_river, layout_basic, uniq_robin

Skill      XL: |  1  2  3  4 |
---------------+-------------+-----
Fighting       | 3 4 |  4.0
Long Blades    | 5 |  5.2
Spellcasting   | |  1.0
Necromancy     | |  3.0

Action                     |  1- 3 |  4- 6 || total
---------------------------+-------+-------++-------
  Melee: Falchion          |   126 |     7 ||   133
   Cast: Necrotise         |     2 |       ||     2
    Use: Scroll            |     5 |       ||     5
         Potion            |     2 |     1 ||     3
 Armour: Leather armour    |    56 |       ||    56
  Dodge: Dodged            |    85 |     1 ||    86

Table legend: (Time is in decaauts)
 A = Elapsed time spent in this place.
 B = Non-inter-level travel time spent in this place.
 C = Inter-level travel time spent in this place.
 D = Time resting spent in this place.
 E = Time spent auto-exploring this place.
 F = Levels seen in this place.
 G = Mean time per level.
                   A        B        C        D        E       F      G
               +--------+--------+--------+--------+--------+-----+--------+
         Total |   1342 |   1283 |     59 |      0 |    938 |   2 |  671.0 |
       Dungeon |   1342 |   1283 |     59 |      0 |    938 |   2 |  671.0 |
               +--------+--------+--------+--------+--------+-----+--------+

Top non-repeatable levels by time:
     D:1: 880 daAuts
     D:2: 461 daAuts
